 Dungeon Crawl Stone Soup version 0.18.1-5-g4a78601 (webtiles) character file.

31 jacquesderrida the Poker (level 3, 21/27 HPs)
             Began as a Demonspawn Skald on May 14, 2016.
             Quit the game on level 1 of the Dungeon.
             The game lasted 00:00:41 (438 turns).

jacquesderrida the Poker (Demonspawn Skald)          Turns: 438, Time: 00:00:42

Health: 21/27      AC:  5    Str: 12    XL:     3   Next: 7%
Magic:  6/6        EV: 11    Int: 13    God:
Gold:   33         SH:  0    Dex: 13    Spells: 1 memorised, 5 levels left

rFire  . . .     SeeInvis .     a - +0 spear
rCold  . . .     Gourm    .     b - +0 leather armour
rNeg   . . .     Faith    .     (no shield)
rPois  .         Spirit   +     g - +0 helmet
rElec  .         Dismiss  .     (no cloak)
rCorr  .         Reflect  .     (no gloves)
SustAt .         Harm     .     e - +0 pair of boots (curse)
MR     .....                    (no amulet)
Stlth  +.........               (no ring)
                                (no ring)

@: not resistant to hostile enchantments, very unstealthy
A: magic shield
a: no special abilities


You were on level 1 of the Dungeon.
You were not hungry.

You visited 1 branch of the dungeon, and saw 1 of its levels.

You collected 33 gold pieces.

Inventory:

Hand Weapons
 a - a +0 spear (weapon)
Armour
 b - a +0 leather armour (worn)
 e - a cursed +0 pair of boots (worn)
 g - a +0 helmet (worn)
Scrolls
 i - a scroll of remove curse {unknown}
 k - a scroll of identify {unknown}
Potions
 h - a potion of flight {unknown}
 j - 2 potions of invisibility {unknown}
Books
 c - a book of Battle

   Spells                             Type                      Level
   a - Infusion                       Charms                       1
   b - Shroud of Golubria             Charms/Translocation         2
   c - Song of Slaying                Charms                       2
   d - Spectral Weapon                Hexes/Charms                 3
   e - Regeneration                   Charms/Necromancy            3
Comestibles
 d - 2 bread rations
 f - 4 fruits


   Skills:
 - Level 2.0 Fighting
 + Level 3.2 Polearms
 - Level 0.8 Armour
 - Level 0.8 Dodging
 - Level 2.0 Spellcasting
 - Level 2.6 Charms


You had 5 spell levels left.
You knew the following spells:

 Your Spells              Type           Power        Failure   Level  Hunger
a - Infusion              Chrm           #...         12%         1    ##.....


Dungeon Overview and Level Annotations

Branches:
Dungeon (1/15)

Altars:


Innate Abilities, Weirdness & Mutations

When hurt, damage is shared between your health and your magic reserves.


Message History

The ooze closely misses you.
You hit the ooze.
The ooze is almost dead.
The ooze hits you.
You hit the ooze but do no damage.
The ooze is almost dead.
The ooze closely misses you.
You completely miss the ooze.
The ooze is almost dead.
The ooze completely misses you.
You hit the ooze but do no damage.
The ooze is almost dead.
The ooze barely misses you.
You hit the ooze.
You kill the ooze!
You have reached level 3!
Your experience leads to an increase in your attributes!
Increase (S)trength, (I)ntelligence, or (D)exterity?
You feel agile.
Are you sure you want to abandon this character and quit the game? (Confirm with "yes".)

###.# #..# ####.# #..# #....#
#..# #.#### #..##### #.#
#....... #.# ##.##### #.# #.#
#.# #####.##### #># #.#
#.@†....... #.## #.#
#.###.####.##..## #.# #.#
#....#.## #.#
###.###.####...###.## #.#
#................##.#
#.########.#.##.#####...#.....
#..........#.# # #..#†#.###
############.# #..##.## #.#
#..####


There were no monsters in sight!

Vanquished Creatures
  An ooze (D:1)
  2 dart slugs (D:1)
  A giant gecko (D:1)
  A giant cockroach (D:1)
  A goblin (D:1)
  2 hobgoblins (D:1)
  5 jackals (D:1)
  2 kobolds (D:1)
  2 bats (D:1)
  A giant newt (D:1)
  3 rats (D:1)
21 creatures vanquished.

Notes
Turn   | Place    | Note
--------------------------------------------------------------
     0 | D:1      | jacquesderrida the Demonspawn Skald began the quest for the Orb.
     0 | D:1      | Reached XP level 1. HP: 16/16 MP: 3/3
    37 | D:1      | Reached skill level 2 in Polearms
   137 | D:1      | Gained mutation: When hurt, damage is shared between your health and your magic reserves. [demonic ancestry]
   137 | D:1      | Reached XP level 2. HP: 14/22 MP: 5/5
   363 | D:1      | Reached skill level 3 in Polearms
   437 | D:1      | Reached XP level 3. HP: 21/27 MP: 6/6
   438 | D:1      | Quit the game

Skill      XL: |  1  2 |
---------------+-------+-----
Polearms       | 2 3 |  3.2
Fighting       | |  2.0
Armour         | |  0.8
Dodging        | |  0.8
Spellcasting   | |  2.0
Charms         | |  2.6

Action                   || total
-------------------------++-------
Melee: Spear             ||    97
 Stab: Sleeping          ||     1
Armor: Leather armour    ||    28
Dodge: Dodged            ||    39
